 Dungeon Crawl Stone Soup version 0.29.1-1-gd02db6906a (webtiles) character file.

Game seed: 9254084091131845587

535410 sanboga the Invulnerable (level 25, -7/184 HPs)
             Began as a Gargoyle Fighter on Sept 15, 2022.
             Was the Champion of Trog.
             Mangled by a golden dragon (14 damage)
             ... on level 3 of the Realm of Zot on Sept 22, 2022.
             The game lasted 01:52:06 (56870 turns).

sanboga the Invulnerable (Gargoyle Fighter)        Turns: 56870, Time: 01:52:07

Health: -7/184     AC: 64    Str: 29    XL:     25   Next: 79%
Magic:  0/23       EV:  8    Int: 12    God:    Trog [******]
Gold:   5085       SH: 18    Dex:  9    Spells: 24/24 levels left

rFire   + + +      SeeInvis .   a - +8 mithril axe "Arga" {speed, Will+}
rCold   + + +      Faith    .   K - +2 kite shield {reflect}
rNeg    + . .      Spirit   +   F - +5 gold dragon scales
rPois   ∞          Reflect  +   I - +2 hat of the Bear Spirit {Spirit, *Rage Will++}
rElec   +          Harm     .   G - +3 cloak "Zataimukk" {rF+ rC+}
rCorr   .          Rampage  .   B - +2 pair of gloves {infuse}
Will    +++++      Rage     20% e - +0 pair of boots "Forget-Me-Not" {rPois Slay+2}
Stlth   ..........              k - amulet of Vitality {RegenMP++ Regen++}
HPRegen 2.00/turn               C - +4 ring of slaying
MPRegen 0.98/turn               l - ring of the Messenger {rF+ rC+ Will+}

@: on berserk cooldown, flying, studying Throwing
A: sickness immunity, AC +19, big wings, negative energy resistance 1,
electricity resistance, torment resistance 1, petrification resistance
}: 3/15 runes: barnacled, silver, gossamer
a: Renounce Religion, Berserk, Trog's Hand, Brothers in Arms


You were on level 3 of the Realm of Zot.
You worshipped Trog.
Trog was exalted by your worship.
You visited 9 branches of the dungeon, and saw 43 of its levels.
You visited the Abyss 1 time.
You also visited: Bailey and Desolation.

You collected 7634 gold pieces.
You spent 2549 gold pieces at shops.

Inventory:

Hand Weapons
 a - the +8 mithril axe "Arga" (weapon) {speed, Will+}
   (Trog gifted it to you on level 4 of the Vaults)

   Attacks with this weapon are significantly faster.
   Will:      It increases your willpower.
 b - a +8 broad axe of holy wrath
Armour
 e - the +0 pair of boots "Forget-Me-Not" (worn) {rPois Slay+2}
   (You acquired it in a bailey)

   Slay:      It affects your accuracy & damage with ranged weapons and melee
   (+2).
   rPois:     It protects you from poison.
 B - a +2 pair of gloves of infusion (worn)
 F - +5 gold dragon scales (worn)
 G - the +3 cloak "Zataimukk" (worn) {rF+ rC+}
   (You acquired it on level 12 of the Dungeon)

   rF:        It protects you from fire.
   rC:        It protects you from cold.
 I - the +2 hat of the Bear Spirit (worn) {Spirit, *Rage Will++}
   (You found it on level 3 of the Lair of Beasts)

   Going berserk makes the wearer tougher, and they're slowed less afterward.
   *Rage:     It berserks you when you make melee attacks (+20% chance).
   Will:      It greatly increases your willpower.
 K - a +2 kite shield of reflection (worn)
Jewellery
 k - the amulet of Vitality (around neck) {RegenMP++ Regen++}
   (You found it in the Desolation of Salt)

   [amulet of magic regeneration]

   It increases your rate of magic regeneration.
   Regen:     It increases your rate of health regeneration.
 l - the ring of the Messenger (right hand) {rF+ rC+ Will+}
   (You bought it in a shop on level 2 of the Orcish Mines)

   [ring of willpower]

   rF:        It protects you from fire.
   rC:        It protects you from cold.
   Will:      It increases your willpower.
 C - a +4 ring of slaying (left hand)
Wands
 h - a wand of mindburst (18)
 q - a wand of quicksilver (17)
 y - a wand of charming (3)
 A - a wand of flame (58)
 E - a wand of polymorph (15)
 H - a wand of roots (38)
Scrolls
 c - a scroll of summoning
 d - 6 scrolls of butterflies
 r - 10 scrolls of fear
 v - 2 scrolls of silence
 w - 5 scrolls of blinking
 D - 20 scrolls of teleportation
 J - 8 scrolls of poison
Potions
 f - 17 potions of curing
 g - 5 potions of heal wounds
 i - 6 potions of invisibility
 m - 8 potions of might
 n - a potion of resistance
 o - 12 potions of mutation
 p - 22 potions of ambrosia
 u - 2 potions of berserk rage
 x - 14 potions of haste
 z - 4 potions of cancellation


   Skills:
 + Level 26.2 Fighting
 - Level 18.0 Axes
 O Level 27 Armour
 + Level 26.2 Shields


You had 24 spell levels left.
You didn't know any spells.
Your spell library contained the following spells:

 Spells                   Type           Power      Damage    Failure   Level
 Apportation              Tloc           0%         N/A       88%         1
 Shock                    Conj/Air       0%         1d3       88%         1
 Blink                    Tloc           0%         N/A       96%         2
 Ensorcelled Hibernation  Hex/Ice        0%         N/A       96%         2
 Call Canine Familiar     Summ           0%         N/A       99%         3
 Conjure Flame            Conj/Fire      0%         6-21      99%         3
 Dazzling Flash           Conj/Hex       0%         N/A       99%         3
 Ignite Poison            Fire/Tmut/Pois 0%         N/A       99%         3
 Lesser Beckoning         Tloc           0%         N/A       99%         3
 Portal Projectile        Hex/Tloc       0%         N/A       99%         3
 Spider Form              Tmut/Pois      0%         N/A       99%         3
 Swiftness                Air            0%         N/A       99%         3
 Airstrike                Air            0%         2d(0-16)  100%        4
 Anguish                  Hex/Necr       0%         N/A       100%        4
 Iskenderun's Mystic Bla  Conj/Tloc      0%         2d3       100%        4
 Leda's Liquefaction      Hex/Erth       0%         N/A       100%        4
 Sticky Flame             Conj/Fire      0%         2d3       100%        4
 Alistair's Intoxication  Tmut/Pois      0%         N/A       100%        5
 Freezing Cloud           Conj/Ice/Air   0%         6-21      100%        5
 Iskenderun's Battlesphe  Conj           0%         2d6       100%        5
 Manifold Assault         Tloc           0%         N/A       100%        5
 Iron Shot                Conj/Erth      0%         9d1       100%        6
 Simulacrum               Ice/Necr       0%         N/A       100%        6
 Starburst                Conj/Fire      0%         6d3       100%        6
 Enfeeble                 Hex            0%         N/A       100%        7
 Spellforged Servitor     Conj/Summ      0%         N/A       100%        7
 Polar Vortex             Ice            0%         N/A       100%        9


Dungeon Overview and Level Annotations

Branches:
Dungeon (15/15)            Temple (1/1) D:6            Lair (5/5) D:8
 Shoals (4/4) Lair:3       Spider (4/4) Lair:2        Slime (0/5) Lair:5
    Orc (2/2) D:9             Elf (0/3) Orc:2        Vaults (5/5) D:14
  Crypt (0/3) Vaults:3     Depths (4/4) D:15            Zot (3/5) Depths:4
 Bailey (visited)         Desolation (visited)

Altars:
Ashenzari
Cheibriados
Dithmenos
Elyvilon
Fedhas
Gozag
Hepliaklqana
Kikubaaqudgha
Makhleb
Nemelex Xobeh
Okawaru
Qazlal
Ru
Sif Muna
Trog
Uskayaw
Vehumet
Wu Jian
Xom
Yredelemnul
Zin
The Shining One
Jiyva

Shops:
D:1 [   D:8 ![*   D:11 (   D:12 *::[   Orc:2 =!((=   Shoals:1 ?   Shoals:3 (
Vaults:1 (   Vaults:2 (   Vaults:4 [

Portals:
Hell: Depths:1 Depths:2 Depths:3 Depths:4
Abyss: Depths:3
Pandemonium: Depths:2
Ziggurat: Depths:1


Innate Abilities, Weirdness & Mutations

You are immune to sickness and miasma.
Your stone body is resilient. (AC +19)
You are immune to poison.
Your large and strong wings let you fly.
You resist negative energy. (rN+)
You are resistant to electric shocks. (rElec)
You are resistant to unholy torment.
You are immune to petrification.


Message History

The golden dragon is moderately wounded.
You slice the tentacled monstrosity!! The golden dragon bites you.
* * * LOW HITPOINT WARNING * * *
The golden dragon claws you!!
* * * LOW HITPOINT WARNING * * *
The golden dragon tramples you but does no damage.
The tentacled monstrosity tentacle-slaps you but does no damage. x2
You block the tentacled monstrosity's attack.
The tentacled monstrosity constricts you.
* * * LOW HITPOINT WARNING * * *
You slash the golden dragon!
The golden dragon is heavily wounded.
You slash the tentacled monstrosity!
The golden dragon bites you but does no damage.
You block the golden dragon's attack.
The golden dragon tramples you but does no damage.
You hit the golden dragon.
The golden dragon is heavily wounded.
You slice the tentacled monstrosity!!
You kill the tentacled monstrosity!
Trog accepts your kill.
You block the golden dragon's attack. x2; The golden dragon barely misses you.
You slice the golden dragon!!
The golden dragon is heavily wounded.
You carve the golden dragon like a ham!!!
The golden dragon is severely wounded.
The golden dragon bites you!
* * * LOW HITPOINT WARNING * * *
You block the golden dragon's attack. The golden dragon closely misses you.
You barely miss the golden dragon.
The golden dragon is severely wounded.
You block the golden dragon's attack.
The golden dragon claws you but does no damage.
You block the golden dragon's attack.
You hit the golden dragon but do no damage.
The golden dragon is severely wounded.
You slice the golden dragon!!
The golden dragon is almost dead.
The golden dragon bites you!
You die...

##...## ..
##...##...
##...##....
##...##$..#
##...##...#
##...##...#
##....#...#
##........#
#......@[##
#......†D##
........))#
............
../...........
................
................
.........(......
...............


You could see a golden dragon (berserk).

Vanquished Creatures
  A dread lich (Vaults:5)
  Mara (Depths:2)
  A juggernaut (Depths:3)
  Bai Suzhen (Vaults:2)
  Vv (Depths:2)
  A curse toe (Zot:3)
  8 golden dragons
  Nikola (Depths:2)
  Jory (Depths:4)
  the Enchantress (Depths:2)
  10 tentacled monstrosities
  Rupert (Lair:3)
  Jorgrun (Shoals:3)
  2 liches
  Asterion (Depths:2)
  A walking divine tome (Depths:1)
  8 quicksilver dragons
  6 titans
  8 sphinxes
  5 death cobs
  A walking frostbound tome (Depths:4)
  An eldritch tentacle (Vaults:2)
  7 tengu reavers
  12 storm dragons
  8 shadow dragons
  3 draconian monks
  A fenstrider witch (Shoals:4)
  Ilsuiw (Shoals:2)
  2 deep elf sorcerers (Vaults:5)
  2 azure jellies (Vaults:2)
  11 fire giants
  18 frost giants
  4 spectral caustic shrikes (Depths:1)
  2 draconian scorchers (Zot:2)
  21 vault wardens
  3 orc warlords
  5 ghost moths
  7 emperor scorpions
  An emperor scorpion (shapeshifter) (Vaults:5)
  3 imperial myrmidons (Desolation)
  The ghost of Icepheonix32 the Fencer, a journeyman MiFi of Okawaru (D:13)
  2 draconian stormcallers
  19 stone giants
  2 angels (Vaults:1)
  5 draconian annihilators
  19 ironbound preservers
  A quicksilver ooze (shapeshifter) (Vaults:5)
  31 very ugly things
  2 war gargoyles (Vaults:5)
  2 deep elf demonologists
  4 broodmothers
  5 spriggan defenders
  7 ironbound thunderhulks
  10 green draconians
  4 purple draconians
  5 black draconians
  4 vampire knights
  12 entropy weavers
  2 red draconians
  7 white draconians
  3 spark wasps
  14 dire elephants
  2 yellow draconians (Depths:4)
  Snorg (Orc:1)
  2 merfolk javelineers
  2 jiangshi (Vaults:3)
  13 merfolk impalers
  19 ettins
  9 fire dragons
  4 crystal guardians
  6 deep elf high priests
  The ghost of freelancePsychic the Basher, a journeyman MeHu of Ashenzari (Lair:1)
  2 great orbs of eyes
  13 ragged hierophants (Desolation)
  15 yaktaur captains
  8 hydras
  29 vault guards
  5 rakshasas
  2 jorogumos (Spider:2)
  14 ice dragons
  14 peacekeepers
  9 ironbound frosthearts
  4 merfolk avatars
  2 boulder beetles
  An ice dragon (shapeshifter) (Vaults:5)
  4 catoblepae
  4 spriggan air magi
  6 servants of whispers (Desolation)
  7 centaur warriors
  3 radroaches
  3 ogre magi
  8 merfolk aquamancers
  2 two-headed ogres
  An alligator (shapeshifter) (Vaults:5)
  2 satyrs (Shoals:3)
  12 deep troll earth magi
  10 tengu warriors
  8 deep troll shamans
  3 death yaks (Lair:4)
  11 spriggan berserkers
  Urug (Orc:1)
  6 orc high priests
  Sonja (D:12)
  A hell knight (Depths:1)
  Nergalle (D:10)
  10 iron trolls
  5 pharaoh ants
  An iron troll (shapeshifter) (Depths:1)
  3 shadow wraiths
  A skeletal warrior (Vaults:3)
  A sun moth (Spider:2)
  A goliath frog (Lair:5)
  10 steelbarb worms
  A glowing orange brain (Depths:3)
  A deep troll (shapeshifter) (Vaults:5)
  An orb spider (shapeshifter) (Vaults:5)
  46 deep trolls
  12 sea snakes
  Pikel (D:6)
  3 deep elf pyromancers (D:13)
  3 phantasmal warriors
  8 orb spiders
  10 lindwurms
  10 wizards
  17 orc knights
  23 harpies
  7 ironbound convokers
  4 necromancers
  28 wolf spiders
  34 ugly things
  14 manticores
  A manticore (shapeshifter) (Depths:3)
  11 cyclopes
  7 orc sorcerers
  18 fauns
  A salamander (shapeshifter) (Vaults:4)
  9 elephants
  2 black mambas
  15 merfolk sirens
  3 water nymphs
  10 moths of wrath
  Joseph (D:8)
  2 naga magi (Vaults:2)
  A guardian serpent (Desolation)
  3 gargoyles
  A molten gargoyle (Desolation)
  3 ice statues
  19 vault sentinels
  4 torpor snails
  22 cane toads
  2 rime drakes
  7 komodo dragons
  Maggie (D:9)
  3 freezing wraiths
  An efreet (D:14)
  41 yaktaurs
  4 demonic crawlers
  A tengu conjurer (D:13)
  An anaconda simulacrum (Vaults:2)
  2 ice devils (D:13)
  A kobold demonologist (D:10)
  2 human skeletons (Vaults:2)
  34 merfolk
  A polar bear (shapeshifter) (Vaults:1)
  A polar bear (Lair:3)
  3 tyrant leeches (Lair:5)
  4 trolls
  7 meliai
  A queen bee (D:12)
  An ettin zombie (Vaults:2)
  3 wind drakes
  71 saltlings (Desolation)
  31 slime creatures
  32 blink frogs
  6 hornets
  14 tarantellas
  A snapping turtle (shapeshifter) (Vaults:4)
  30 dream sheep
  8 snapping turtles
  18 culicivoras
  A jumping spider (shapeshifter) (Vaults:5)
  5 centaur simulacra (D:13)
  7 spriggans
  26 jumping spiders
  3 vampires
  A hog (shapeshifter) (Depths:3)
  A wyvern (shapeshifter) (Depths:3)
  5 wraiths
  6 wyverns
  21 humans (D:14)
  39 water elementals
  3 basilisks
  50 yaks
  A redback simulacrum (D:13)
  Grum (D:8)
  50 redbacks
  12 vampire mosquitoes
  A glowing shapeshifter zombie (Vaults:2)
  2 spatial vortices (Vaults:2)
  4 wargs
  A harpy simulacrum (Vaults:2)
  2 acid dragons
  A hydra simulacrum (Vaults:2)
  15 water moccasins
  2 black bears
  An elf simulacrum (Vaults:2)
  An ice beast (D:6)
  A sky beast (D:8)
  40 orc warriors
  A black mamba simulacrum (Vaults:2)
  8 ogres
  5 boggarts (Vaults:2)
  7 wolves
  11 centaurs
  A phantom (D:5)
  3 kobold brigands
  A human zombie (Vaults:2)
  19 bullfrogs
  3 scorpions
  27 killer bees
  An elephant simulacrum (Vaults:2)
  5 howler monkeys
  12 electric eels
  7 jellies
  17 orc priests
  2 gnoll boudas
  4 hounds
  An iguana (D:5)
  29 orc wizards
  A troll simulacrum (Vaults:2)
  8 gnolls
  2 naga simulacra (Vaults:2)
  9 adders
  A white imp (D:8)
  An ufetubus (D:4)
  A worm (D:2)
  2 dart slugs
  81 orcs
  4 endoplasms
  15 goblins
  11 hobgoblins
  4 quokkas
  3 ball pythons (D:1)
  7 bats
  A frilled lizard (D:3)
  15 kobolds
  3 rats (D:1)
  A fungus (Lair:3)
  4 plants
1966 creatures vanquished.

Vanquished Creatures (collateral kills)
  A very ugly thing (Vaults:4)
  A halazid warlock (Desolation)
  A ragged hierophant (Desolation)
  A servant of whispers (Desolation)
  A two-headed ogre (D:9)
  An ironbound convoker (Desolation)
  A yaktaur (Vaults:4)
  2 saltlings (Desolation)
9 creatures vanquished.

Vanquished Creatures (others)
  A ghost moth (Spider:4)
  A wizard (Vaults:4)
  An ironbound convoker (Desolation)
  A saltling (Desolation)
  A tarantella (Spider:2)
  An orc wizard (Orc:1)
  2 orcs
  A bush (Lair:5)
  70 fungi
  159 plants
  2 withered plants (Desolation)
240 creatures vanquished.

Grand Total: 2215 creatures vanquished

Notes
Turn   | Place    | Note
-------+----------+-------------------------------------------
     0 | D:1      | sanboga the Gargoyle Fighter began the quest for the Orb.
     0 | D:1      | Reached XP level 1. HP: 14/14 MP: 1/1
   366 | D:1      | Reached XP level 2. HP: 19/19 MP: 2/2
   447 | D:1      | Found Wiaph's Armour Boutique.
   844 | D:2      | Reached XP level 3. HP: 23/23 MP: 3/3
  1417 | D:2      | Found a faded altar of an unknown god.
  1641 | D:3      | Reached XP level 4. HP: 24/29 MP: 4/4
  1747 | D:3      | Found a sacrificial altar of Ru.
  1857 | D:3      | Found an ornate altar of the Wu Jian Council.
  1865 | D:3      | Found a hazy altar of Hepliaklqana.
  2135 | D:3      | Found a glowing golden altar of the Shining One.
  2538 | D:4      | Reached XP level 5. HP: 25/33 MP: 5/5
  2718 | D:4      | Reached skill level 4 in Armour
  2877 | D:4      | Noticed a centaur
  2884 | D:4      | Killed a centaur
  2885 | D:4      | Reached XP level 6. HP: 24/39 MP: 6/6
  3513 | D:5      | Entered Level 5 of the Dungeon
  3974 | D:5      | Reached XP level 7. HP: 38/44 MP: 7/7
  4272 | D:6      | Reached skill level 5 in Fighting
  4272 | D:6      | Reached skill level 5 in Armour
  4286 | D:6      | Reached skill level 5 in Shields
  4427 | D:6      | Reached skill level 5 in Axes
  4589 | D:6      | Found a staircase to the Ecumenical Temple.
  4615 | D:6      | Reached XP level 8. HP: 31/50 MP: 8/8
  4627 | Temple   | Entered the Ecumenical Temple
  5083 | D:6      | Noticed Pikel
  5093 | D:6      | Killed Pikel
  5094 | D:6      | Reached skill level 6 in Armour
  6097 | D:7      | Reached XP level 9. HP: 39/56 MP: 9/9
  6677 | D:8      | Found Zibloir's General Store.
  6680 | D:8      | Bought a scroll of summoning for 123 gold pieces
  6694 | D:8      | Found a flagged portal.
  6783 | Bailey   | Entered a bailey
  7071 | Bailey   | Noticed an orc sorcerer
  7072 | Bailey   | Noticed an orc high priest
  7098 | Bailey   | Killed an orc high priest
  7099 | Bailey   | Reached skill level 7 in Armour
  7102 | Bailey   | Killed an orc sorcerer
  7103 | Bailey   | Reached XP level 10. HP: 12/63 MP: 10/10
  7434 | Bailey   | Acquired the +0 pair of boots "Forget-Me-Not" {rPois
                  | Slay+2}
  7479 | Bailey   | Found an iron altar of Okawaru.
  8280 | D:8      | Reached XP level 11. HP: 68/68 MP: 11/11
  8366 | D:8      | Found a stormy altar of Qazlal.
  8367 | D:8      | Found a hide-covered altar of Uskayaw.
  8388 | D:8      | Found an opulent altar of Gozag.
  8401 | D:8      | Found Nudor's Distillery.
  8409 | D:8      | Bought a potion of magic for 120 gold pieces
  8409 | D:8      | Bought a potion of curing for 45 gold pieces
  8409 | D:8      | Bought a potion of attraction for 45 gold pieces
  8446 | D:8      | Noticed Joseph
  8453 | D:8      | Noticed Grum
  8468 | D:8      | Reached skill level 8 in Armour
  8718 | D:8      | Killed Joseph
  8937 | D:8      | Found a staircase to the Lair.
  9193 | D:8      | Killed Grum
 10162 | D:8      | Found Laxkeak's Antique Armour Shoppe.
 10375 | D:8      | Identified the ring "Metimeki" {Drain +Blink Fly Will-
                  | Int+8}
 10668 | D:9      | Noticed Maurice
 10714 | D:9      | Noticed Maurice
 10716 | D:9      | Killed Maurice the ogre
 10749 | D:8      | Bought a potion of mutation for 120 gold pieces
 10775 | D:9      | Noticed a two-headed ogre
 10808 | D:9      | Killed a two-headed ogre
 11004 | D:9      | Noticed Maggie
 11021 | D:9      | Killed Maggie
 11394 | D:9      | Noticed a manticore
 11405 | D:9      | Killed a manticore
 11665 | D:9      | Noticed a two-headed ogre
 11667 | D:9      | a two-headed ogre changed into something unseen
 11681 | D:9      | Reached XP level 12. HP: 29/75 MP: 12/12
 11953 | D:9      | Found a staircase to the Orcish Mines.
 12273 | D:10     | Entered Level 10 of the Dungeon
 12285 | D:10     | Noticed a two-headed ogre
 12295 | D:10     | Killed a two-headed ogre
 12296 | D:10     | Reached skill level 9 in Armour
 12342 | D:10     | Found a bloodstained altar of Trog.
 12347 | D:10     | Became a worshipper of Trog the Wrathful
 12475 | D:10     | Identified the +0 leather armour of Tunilaje {rC+ Regen+
                  | rCorr Stlth+}
 12688 | D:10     | Noticed Nergalle
 12711 | D:10     | Killed Nergalle
 13378 | D:11     | Acquired 1047 gold pieces
 13610 | D:8      | Bought a dazzling plate armour for 840 gold pieces
 13610 | D:8      | Identified the +0 plate armour "Kuotiox" {Rampage +Blink
                  | rC+} (You bought it in a shop on level 8 of the Dungeon)
 13780 | D:11     | Reached * piety under Trog
 14102 | D:11     | Found Muewirch's Weapon Shop.
 14221 | D:11     | Identified the +0 pair of boots of Vose {rC+ Will+}
 14451 | D:12     | You are sucked into a shaft and drop 1 floor!
 14498 | D:13     | Noticed a tengu warrior
 14506 | D:13     | Killed a tengu warrior
 14511 | D:13     | Noticed a centaur warrior
 14520 | D:13     | Killed a centaur warrior
 14521 | D:13     | Reached skill level 10 in Fighting
 14521 | D:13     | Reached skill level 10 in Shields
 14522 | D:13     | Noticed a tengu warrior
 14542 | D:13     | Killed a tengu warrior
 14543 | D:13     | Reached skill level 10 in Armour
 14822 | D:13     | Noticed a two-headed ogre
 14823 | D:13     | Noticed a white very ugly thing
 14827 | D:13     | Noticed a catoblepas
 14854 | D:13     | Noticed a centaur warrior
 14862 | D:13     | Noticed a tengu warrior
 14873 | D:13     | Killed a tengu warrior
 14874 | D:13     | Reached XP level 13. HP: 64/82 MP: 13/13
 15113 | D:12     | Noticed Sonja
 15115 | D:12     | Killed Sonja
 15122 | D:12     | Found Binuzir's General Store.
 15230 | D:12     | Reached ** piety under Trog
 15601 | D:12     | Found Leimuesule's Book Shoppe.
 15698 | D:12     | Bought a potion of mutation for 136 gold pieces
 15934 | D:12     | Found Omaco's Armour Shop.
 15993 | D:12     | Found Talaveu's Book Shoppe.
 16082 | D:12     | Acquired the +3 cloak "Zataimukk" {rF+ rC+}
 16558 | D:13     | Found a runed translucent gate.
 16559 | D:13     | Found a runed translucent gate.
 16560 | D:13     | Found a runed translucent gate.
 16587 | D:13     | Noticed Icepheonix32's ghost (journeyman MiFi)
 16611 | D:13     | Reached skill level 15 in Axes
 16678 | D:13     | Found a blossoming altar of Fedhas.
 16729 | D:13     | Reached *** piety under Trog
 16986 | D:13     | Reached skill level 11 in Armour
 16994 | D:13     | Killed a white very ugly thing
 17501 | D:13     | Acquired a manual of Armour
 17532 | D:13     | Killed Icepheonix32's ghost
 17552 | D:13     | Got the ring "Hirinit" {Fire Will+ Dex+2 SInv}
 17759 | D:14     | Gained mutation: Your large and strong wings let you fly.
                  | [Gargoyle growth]
 17759 | D:14     | Reached XP level 14. HP: 81/90 MP: 14/14
 18341 | D:14     | Reached skill level 12 in Armour
 18827 | D:14     | Found a gate to the Vaults.
 18844 | D:14     | Reached **** piety under Trog
 19167 | D:15     | Entered Level 15 of the Dungeon
 20071 | D:15     | Found a staircase to the Depths.
 20071 | D:15     | Noticed a stone giant
 20125 | D:15     | Killed a stone giant
 20761 | Lair:1   | Entered Level 1 of the Lair of Beasts
 20831 | Lair:1   | Reached skill level 13 in Armour
 21072 | Lair:1   | Found a shadowy altar of Dithmenos.
 21171 | Lair:1   | Found a large runed translucent door.
 21171 | Lair:1   | Found a large runed translucent door.
 21195 | Lair:1   | Noticed freelancePsychic's ghost (journeyman MeHu)
 21831 | Lair:1   | Killed freelancePsychic's ghost
 22154 | Lair:2   | Found a hole to the Spider Nest.
 23046 | Lair:3   | Found the +2 hat of the Bear Spirit {Spirit, *Rage Will++}
 23109 | Lair:3   | Reached XP level 15. HP: 97/97 MP: 15/15
 23186 | Lair:3   | Reached ***** piety under Trog
 23279 | Lair:3   | Found a staircase to the Shoals.
 23412 | Lair:3   | Noticed Rupert
 23420 | Lair:3   | Killed Rupert
 23421 | Lair:3   | Reached skill level 14 in Armour
 24270 | Lair:4   | Found a burning altar of Makhleb.
 24778 | Lair:5   | Entered Level 5 of the Lair of Beasts
 24806 | Lair:5   | Received a gift from Trog
 24889 | Lair:5   | Reached skill level 15 in Armour
 25198 | Lair:5   | Found a runed translucent door.
 25199 | Lair:5   | Found a viscous altar of Jiyva.
 25201 | Lair:5   | Found a staircase to the Slime Pits.
 25262 | Lair:5   | Identified the +4 shortbow of Akeecus {venom, MP+9 Int+4}
 25344 | Lair:5   | Reached ****** piety under Trog
 25345 | Lair:5   | Reached XP level 16. HP: 49/104 MP: 8/16
 26175 | Orc:1    | Entered Level 1 of the Orcish Mines
 26199 | Orc:1    | Received a gift from Trog
 26343 | Orc:1    | Noticed Urug
 26362 | Orc:1    | Killed Urug
 26370 | Orc:1    | Reached skill level 16 in Armour
 26372 | Orc:1    | Noticed Snorg
 26391 | Orc:1    | Killed Snorg
 26719 | Orc:2    | Entered Level 2 of the Orcish Mines
 26863 | Orc:2    | Received a gift from Trog
 26873 | Orc:2    | Found a staircase to the Elven Halls.
 26950 | Orc:2    | Found Giepin's Jewellery Shoppe.
 26950 | Orc:2    | Found Fainoac's Antique Weapon Boutique.
 26960 | Orc:2    | Found Hetely's Distillery.
 26960 | Orc:2    | Found Vegguheo's Antique Weapon Boutique.
 26966 | Orc:2    | Bought the ring of the Messenger {rF+ rC+ Will+} for 644
                  | gold pieces
 27270 | Orc:2    | Bought a potion of heal wounds for 60 gold pieces
 27270 | Orc:2    | Bought a potion of mutation for 96 gold pieces
 27270 | Orc:2    | Bought a potion of mutation for 96 gold pieces
 27407 | Orc:2    | Found Uwnizoth's Jewellery Boutique.
 27889 | Spider:1 | Entered Level 1 of the Spider Nest
 27916 | Spider:1 | Reached skill level 17 in Armour
 28732 | Spider:1 | Received a gift from Trog
 29232 | Spider:2 | Reached skill level 15 in Fighting
 29233 | Spider:2 | Reached skill level 15 in Shields
 29237 | Spider:2 | Reached skill level 18 in Armour
 29408 | Spider:2 | Reached XP level 17. HP: 113/113 MP: 15/17
 30909 | Spider:3 | Received a gift from Trog
 31844 | Spider:4 | Entered Level 4 of the Spider Nest
 32329 | Spider:4 | Reached skill level 19 in Armour
 32552 | Spider:4 | Received a gift from Trog
 32581 | Spider:4 | Got a gossamer rune of Zot
 32884 | Spider:4 | Reached XP level 18. HP: 122/122 MP: 18/18
 33481 | Shoals:1 | Entered Level 1 of the Shoals
 34130 | Shoals:1 | Found Cauj's Magic Scroll Emporium.
 34188 | Shoals:1 | Bought a scroll of blinking for 112 gold pieces
 34188 | Shoals:1 | Bought a scroll of enchant weapon for 112 gold pieces
 34369 | Shoals:2 | Noticed Ilsuiw
 34671 | Shoals:2 | Killed Ilsuiw
 36355 | Shoals:3 | Received a gift from Trog
 36491 | Shoals:3 | Noticed Jorgrun
 36499 | Shoals:3 | Killed Jorgrun
 36500 | Shoals:3 | Reached skill level 20 in Armour
 37332 | Shoals:3 | Found Bumm's Weapon Emporium.
 37356 | Shoals:3 | Received a gift from Trog
 37693 | Shoals:4 | Entered Level 4 of the Shoals
 38602 | Shoals:4 | Reached XP level 19. HP: 130/130 MP: 5/19
 38625 | Shoals:4 | Received a gift from Trog
 38635 | Shoals:4 | Got a barnacled rune of Zot
 40061 | Vaults:1 | Entered Level 1 of the Vaults
 40158 | Vaults:1 | Found a glowing golden altar of the Shining One.
 40158 | Vaults:1 | Found a glowing silver altar of Zin.
 40166 | Vaults:1 | Found a white marble altar of Elyvilon.
 40403 | Vaults:1 | Found Juanagh's Weapon Emporium.
 40492 | Vaults:1 | Found a crumbling gateway.
 40514 | Vaults:1 | Reached skill level 21 in Armour
 40522 | Desolati | Entered the Desolation of Salt
 40700 | Desolati | Received a gift from Trog
 40707 | Desolati | Identified the +7 mace "Patunefo" {venom, Contam Int+5
                  | Dex+2}
 41413 | Desolati | Received a gift from Trog
 41772 | Desolati | Reached XP level 20. HP: 139/139 MP: 0/20
 41782 | Desolati | Identified the amulet "Offowaoxt" {Acrobat Rampage +Inv
                  | Str-5 Slay-2}
 41833 | Desolati | Found the amulet of Vitality {RegenMP++ Regen++}
 41861 | Desolati | Identified the +1 robe of the Cartwright {Int+8 Slay-6}
 42672 | Vaults:1 | Identified the +8 arbalest "Qywad" {penet, rC- Str+6}
 42676 | Vaults:1 | Identified the +7 arbalest of Shame {vorpal, rF+ Int+7}
 42917 | Vaults:1 | Found a huge runed gate.
 42917 | Vaults:1 | Found a huge runed gate.
 42917 | Vaults:1 | Found a huge runed gate.
 42917 | Vaults:1 | Found a huge runed gate.
 42917 | Vaults:1 | Found a huge runed gate.
 42917 | Vaults:1 | Found a huge runed gate.
 42917 | Vaults:1 | Found a huge runed gate.
 42918 | Vaults:1 | Found a huge runed gate.
 42918 | Vaults:1 | Found a huge runed gate.
 42918 | Vaults:1 | Found a huge runed gate.
 42928 | Vaults:1 | Found a huge runed gate.
 42928 | Vaults:1 | Found a huge runed gate.
 42928 | Vaults:1 | Found a huge runed gate.
 42928 | Vaults:1 | Found a huge runed gate.
 42928 | Vaults:1 | Found a huge runed gate.
 42929 | Vaults:1 | Found a huge runed gate.
 42930 | Vaults:1 | Found a huge runed gate.
 42931 | Vaults:1 | Found a huge runed gate.
 42932 | Vaults:1 | Found a huge runed gate.
 42940 | Vaults:1 | Found a huge runed gate.
 42940 | Vaults:1 | Found a huge runed gate.
 42940 | Vaults:1 | Found a huge runed gate.
 42940 | Vaults:1 | Found a huge runed gate.
 42940 | Vaults:1 | Found a huge runed gate.
 42940 | Vaults:1 | Found a huge runed gate.
 42942 | Vaults:1 | Found a huge runed gate.
 42943 | Vaults:1 | Found a huge runed gate.
 42944 | Vaults:1 | Found a huge runed gate.
 42952 | Vaults:1 | Found a huge runed gate.
 42952 | Vaults:1 | Found a huge runed gate.
 42952 | Vaults:1 | Found a huge runed gate.
 42952 | Vaults:1 | Found a huge runed gate.
 42952 | Vaults:1 | Found a huge runed gate.
 42953 | Vaults:1 | Found a huge runed gate.
 42954 | Vaults:1 | Found a huge runed gate.
 42955 | Vaults:1 | Found a huge runed gate.
 42961 | Vaults:1 | Found the +7 Spriggan's Knife {stab, EV+4 Stlth+}
 42979 | Vaults:1 | Received a gift from Trog
 43056 | Vaults:1 | Reached skill level 22 in Armour
 43585 | Vaults:1 | Received a gift from Trog
 43917 | Vaults:2 | Identified the +2 plate armour of Relativism {Will+ Stlth+}
 43948 | Vaults:2 | Received a gift from Trog
 44420 | Vaults:2 | Reached XP level 21. HP: 147/147 MP: 21/21
 44667 | Vaults:2 | Found Ipab's Weapon Shoppe.
 44687 | Vaults:2 | Noticed Bai Suzhen
 44697 | Vaults:2 | Killed Bai Suzhen
 45019 | Vaults:2 | Received a gift from Trog
 45163 | Vaults:3 | Reached skill level 23 in Armour
 45171 | Vaults:3 | Found a staircase to the Crypt.
 45874 | Vaults:3 | Acquired the +14 obsidian axe {vorpal, Mesm Drain Fly SInv}
 45874 | Vaults:3 | Found the +14 obsidian axe {vorpal, Mesm Drain Fly SInv}
 45984 | Vaults:3 | Identified the +2 mace "Beetlebane" {freeze, rElec rPois
                  | Stlth-}
 46227 | Vaults:3 | Identified the +0 pair of gloves "Orphodyis" {Stlth+}
 46305 | Vaults:3 | You are sucked into a shaft and drop 1 floor!
 46487 | Vaults:4 | Received a gift from Trog
 46543 | Vaults:4 | Found Tuneulio's Armour Shoppe.
 47525 | Vaults:4 | Reached XP level 22. HP: 48/151 MP: 7/22
 47557 | Vaults:4 | Received a gift from Trog
 47557 | Vaults:4 | Found the +8 mithril axe "Arga" {speed, Will+}
 47927 | Vaults:4 | Identified the ring of Cod Ovow {Will+ Int+4 Slay+2}
 48271 | Vaults:5 | Entered Level 5 of the Vaults
 48288 | Vaults:5 | Reached skill level 24 in Armour
 48440 | Vaults:5 | Noticed a golden dragon
 48510 | Vaults:5 | Killed a golden dragon
 48677 | Vaults:5 | Noticed a golden dragon
 48697 | Vaults:5 | Killed a golden dragon
 48769 | Vaults:5 | Got a silver rune of Zot
 48843 | Vaults:5 | Identified the +6 broad axe of the Key {flame, rPois rF+}
                  | (Trog gifted it to you on level 5 of the Vaults)
 48843 | Vaults:5 | Received a gift from Trog
 49092 | Vaults:5 | Noticed a golden dragon
 49100 | Vaults:5 | Killed a golden dragon
 49141 | Vaults:5 | Reached XP level 23. HP: 164/164 MP: 21/23
 49207 | Vaults:5 | Identified the +3 mace "Awiwodul" {freeze, rElec rF- rC+++
                  | Stlth+}
 49217 | Vaults:5 | Noticed a dread lich
 49237 | Vaults:5 | Noticed a golden dragon
 49245 | Vaults:5 | Killed a dread lich
 49255 | Vaults:5 | Killed a golden dragon
 49289 | Vaults:5 | Identified the +11 dagger of a Billion Nights {vorpal,
                  | rElec} (Trog gifted it to you on level 5 of the Vaults)
 49289 | Vaults:5 | Received a gift from Trog
 49442 | Vaults:5 | Reached skill level 25 in Armour
 50213 | Depths:1 | Entered Level 1 of the Depths
 50213 | Depths:1 | Found a one-way gateway to a ziggurat.
 50437 | Depths:1 | Identified the +5 long sword "Bequeathed Aubergine"
                  | {vorpal, rPois rN+ Str+3} (Trog gifted it to you on level 1
                  | of the Depths)
 50437 | Depths:1 | Received a gift from Trog
 50658 | Depths:1 | Found a gateway to Hell.
 51154 | Depths:2 | Identified the +8 war axe of Pandemonium {holy, rCorr Dex+5
                  | Stlth+}
 51187 | Depths:2 | Noticed the Enchantress
 51200 | Depths:2 | Killed the Enchantress
 51381 | Depths:2 | Noticed Asterion
 51399 | Depths:2 | Killed Asterion
 51414 | Depths:2 | Identified the +9 hand axe of the Forest {vorpal, Str+3}
                  | (Trog gifted it to you on level 2 of the Depths)
 51414 | Depths:2 | Received a gift from Trog
 51633 | Depths:2 | Reached XP level 24. HP: 172/172 MP: 18/23
 51634 | Depths:2 | Found a one-way gate leading to the halls of Pandemonium.
 51637 | Depths:2 | Noticed Mara
 51641 | Depths:2 | Noticed sanboga's illusion
 51685 | Abyss:2  | Cast into level 2 of the Abyss (rakshasa)
 51705 | Depths:2 | Escaped the Abyss
 51728 | Depths:2 | Noticed sanboga's illusion
 51732 | Depths:2 | Killed Mara
 52068 | Depths:2 | Noticed Vv
 52088 | Depths:2 | Killed Vv
 52152 | Depths:2 | Noticed Nikola
 52159 | Depths:2 | Killed Nikola
 52710 | Depths:3 | Reached skill level 26 in Armour
 52824 | Depths:3 | Received a gift from Trog
 52836 | Depths:3 | Found a blossoming altar of Fedhas.
 52840 | Depths:3 | Identified the +7 broad axe "Kiadd" {vorpal, rElec Str-4
                  | Int+7 Stlth+}
 52844 | Depths:3 | Found the amulet of the Air {Inacc Air Fly rElec RMsl}
 52854 | Depths:3 | Noticed a juggernaut
 52880 | Depths:3 | Killed a juggernaut
 52951 | Depths:3 | Found a one-way gate to the infinite horrors of the Abyss.
 53455 | Depths:3 | Found a hide-covered altar of Uskayaw.
 53742 | Depths:4 | Entered Level 4 of the Depths
 53919 | Depths:4 | Noticed Jory
 53942 | Depths:4 | Killed Jory
 54059 | Depths:4 | Identified the +4 ring mail of the Hills {*Corrode rElec
                  | Dex+5}
 54119 | Depths:4 | Reached XP level 25. HP: 181/181 MP: 6/23
 54163 | Depths:4 | Found a gate to the Realm of Zot.
 54315 | Depths:4 | Found a white marble altar of Elyvilon.
 55027 | Zot:1    | Entered Level 1 of the Realm of Zot
 55154 | Zot:1    | Received a gift from Trog
 55710 | Zot:2    | Reached skill level 27 in Armour
 56836 | Zot:3    | Received a gift from Trog
 56867 | Zot:3    | HP: 4/184 [golden dragon (11)]
 56870 | Zot:3    | Mangled by a golden dragon

Illustrated notes

Levels and vault maps discovered:
D:1:      dpeg_arrival_shrine, layout_rooms, serial_shops, nicolae_square_shop
D:2:      layout_loops_cross, shapermc_ecumenical_altar_mp_ritualfount,
          corexii_shack
D:3:      layout_loops_cross, mainiacjoe_overflow_big_doors,
          nicolae_ru_sacrificial_ziggurat, tso_altar,
          chequers_serial_rivers_large_b
D:4:      layout_loops_corners
D:5:      layout_rooms
D:6:      layout_loops_ring, temple_statues, grunt_ministairs_8, uniq_pikel
D:7:      layout_basic
D:8:      statuecave_lemuel, layout_loops_corners, grunt_temple_overflow_open,
          due_lair_maze_entry_diamond, serial_shops, kennysheep_mini_moat,
          nicolae_stop_n_shop_2, shop, enter_bailey_8, st_stairs_12,
          uniq_joseph, uniq_grum
D:9:      layout_basic, orc_david_3, minmay_liquid_box, uniq_maurice,
          uniq_maggie
D:10:     layout_basic, lightli_temple_of_fire, uniq_nergalle
D:11:     layout_roguey, serial_shops, nicolae_shop_bloodbath_and_beyond,
          the_hattery
D:12:     layout_roguey [special_room_bee], serial_shops,
          nicolae_shop_behind_doors, nicolae_shop_window_shopping,
          nicolae_shop_stone, nicolae_shop_hallway_stairs, nicolae_titane,
          uniq_sonja
D:13:     minmay_triangles_in_corner, layout_cave_pods, gammafunk_ghost_icy,
          fedhas_altar_1
D:14:     layout_grid_maze, grunt_vaults_entry_tiered, minmay_strange_pillars,
          grunt_decor_cap
D:15:     grunt_enter_depths_giant_problem, layout_basic,
          chequers_serial_rivers_micro_e, nicolae_sextant
Temple:   dpeg_chambers_temple
Lair:1:   layout_cave_pods, ebering_ghost_disaster_area, basic_altar,
          lemuel_fruit_tree
Lair:2:   layout_regular_city, nicolae_spider_entry_orb_guardian,
          infiniplex_staircase_pool_2, serial_bayou_shore_a
Lair:3:   layout_cave_pods, minmay_shoals_entry_hut, uniq_rupert
Lair:4:   layout_long_grid, basic_altar
Lair:5:   minmay_lair_end_frog_pond, layout_regular_city, slime_entry_2,
          serial_bayou_shore_b
Shoals:1: layout_shoals, serial_shops, nicolae_shop_advertising_works
          [nicolae_subvault_shop_adworks]
Shoals:2: layout_shoals, nicolae_shoals_dead_sea_scrolls, uniq_ilsuiw
Shoals:3: nicolae_shoals_island_circles, layout_shoals, serial_shops, shop,
          uniq_jorgrun
Shoals:4: shoals_end_grunt_ice, layout_shoals,
          nicolae_shoals_beach_house_on_fowls_legs
Spider:1: layout_cave_pods, hellmonk_spider_spawner
Spider:2: nicolae_spider_hilbert_zone_5 [nicolae_spider_hilbert_3_sides_1_open,
          nicolae_spider_hilbert_4_sides_1_open,
          nicolae_spider_hilbert_4_sides_1_open,
          nicolae_spider_hilbert_6_sides_1_open,
          nicolae_spider_hilbert_6_sides_1_open], nicolae_spider_moth_buddies
Spider:3: layout_cave_pods, nicolae_spider_circle_web,
          nicolae_spider_cling_halls
Spider:4: grunt_spider_rune_circles
Orc:1:    layout_caves, serial_shops, basic_altar, uniq_snorg, uniq_urug
Orc:2:    grunt_orc_tribal_feast, layout_caves, basic_altar, serial_shops,
          shop_coins
Vaults:1: portal_desolation_entry_holy_temple, v_misc_29,
          nicolae_vaults_little_squares_4, vaults_room_boxed,
          vaults_room_octagon, door_vault, v_alt_pattern_5, v_misc_15,
          v_misc_30, grunt_vaults_hallway_long, vaults_dpeg_cross,
          nicolae_vaults_yaktaur_gun_rack, nicolae_vaults_little_squares_6,
          ontoclasm_vaults_twist, ontoclasm_vaults_decontamination,
          hangedman_vaults_capsules, layout_vaults_omnibox, serial_shops, shop
Vaults:2: v_misc_28, vaults_room_door_ring, nicolae_vaults_little_squares_4,
          v_misc_1, ontoclasm_vaults_chip, nicolae_vaults_border_crossing,
          ontoclasm_vaults_claustrophobia, hangedman_vaults_stream,
          hangedman_vaults_pinch, grunt_vaults_diagonal, v_misc_8,
          layout_vaults_big_cross, serial_shops, shop,
          serial_hangedman_research, hangedman_research_quantum,
          hangedman_research_thermodynamics, uniq_bai_suzhen
Vaults:3: v_misc_17, nicolae_vaults_diagonal_hallway_8, st_spiral_rooms,
          hangedman_vaults_restitches, minmay_crypt_entry_simple_walls,
          vaults_room_stairs_pillars, nicolae_vaults_shelves_hall,
          ontoclasm_vaults_gateway, nicolae_vaults_alarming, v_misc_3,
          layout_vaults_omnigrid
Vaults:4: dpeg_vaults_monster_box, nicolae_vaults_minivaults,
          vaults_room_hallway, v_misc_13,
          vaults_standard_mumra_enter_the_diamond, hangedman_vaults_trim,
          ontoclasm_vaults_chip, vaults_dpeg_hooks, vaults_dpeg_diagonal,
          ontoclasm_vaults_loading_screen, layout_vaults_chaotic_city
Vaults:5
Depths:1: nzn_winding_woodlands_three_and_one
          [nzn_winding_woodlands_5x15_sawtooth,
          nzn_winding_woodlands_5x15_lazy_stream,
          nzn_winding_woodlands_5x15_longhouse,
          nzn_winding_woodlands_center_pierced_h], layout_cave_pools,
          enter_ziggurat_a, minmay_misc_feat_x, pf_hell_entry_tar_river,
          grunt_decor_one_mirror, chequers_serial_rivers_micro_a
Depths:2: kennysheep_spiral_hall, layout_gridlike, pan_entry,
          minmay_misc_feat_iff, grunt_hell_entry_dis_old, nrook_loot_triangle,
          chequers_serial_rivers_room_a, uniq_nikola, uniq_enchantress, uniq_vv,
          uniq_mara, uniq_asterion
Depths:3: minmay_the_grid_octo_tiled_octocenter_mashed
          [minmay_the_grid_octo_thin_diamonds, minmay_the_grid_octo_pinwheel,
          minmay_the_grid_octo_toaster, minmay_the_grid_octo_vomiting_pacman,
          minmay_the_grid_octo_prize_ultimate_mussel_roller,
          minmay_the_grid_square_5x5_dogpile,
          minmay_the_grid_square_5x5_three_small,
          minmay_the_grid_square_5x5_spiral_small,
          minmay_the_grid_square_5x5_v], layout_cave_pools,
          nicolae_uskayaw_murder_on_the_dancefloor, abyss_entry,
          hangedman_coc_ice_floe, minmay_staircase_windowed_small
Depths:4: grunt_zot_entry_bicorn, layout_cave_pools, hell_entry,
          elyvilon_altar_1, minmay_splitting_lines, kb_rosetta,
          serial_bayou_shore_b, serial_bayou_shore_b, uniq_margery, uniq_jory
Zot:1:    layout_onion
Zot:2:    layout_basic
Zot:3:    layout_onion, uniq_tiamat

Skill      XL: |  1  2  3  4  5  6  7  8  9 10 11 12 13 14 15 16 17 18 19 20 21 22 23 24 25 |
---------------+----------------------------------------------------------------------------+-----
Axes           | 2 3 4 5 6 8 12 13 14 15 16 17 18 | 18.0
Fighting       | 4 5 6 7 8 10 11 12 13 15 16 18 19 20 21 22 23 25 26 | 26.2
Shields        | 4 5 6 7 8 10 11 12 13 15 16 18 19 20 21 22 23 25 26 | 26.2
Armour         | 4 5 6 7 8 10 11 13 15 18 19 20 21 22 23 24 25 26 27 | 27.0

Action                   |  1- 3 |  4- 6 |  7- 9 | 10-12 | 13-15 | 16-18 | 19-21 | 22-24 | 25-27 || total
-------------------------+-------+-------+-------+-------+-------+-------+-------+-------+-------++-------
Melee: War axe           |   105 |    95 |   227 |   481 |   807 |       |       |       |       ||  1715
       Broad axe         |       |       |       |       |   119 |  1307 |  1276 |  1498 |   483 ||  4683
Invok: Berserk           |       |       |       |       |     4 |       |     1 |     2 |       ||     7
Evoke: Wand              |       |       |     2 |    13 |     2 |       |       |       |       ||    17
  Use: Potion            |       |       |     2 |     5 |     1 |       |    11 |     1 |       ||    20
       Scroll            |       |       |    17 |    11 |     7 |     4 |     4 |     5 |     1 ||    49
 Stab: Distracted        |       |       |       |     1 |       |       |     1 |       |       ||     2
Armor: Scale mail        |    31 |       |       |       |       |       |       |       |       ||    31
       Chain mail        |    26 |    29 |       |       |       |       |       |       |       ||    55
       Plate armour      |       |    42 |   163 |   363 |   589 |  1015 |   895 |   104 |       ||  3171
       Gold dragon scale |       |       |       |       |       |       |       |   624 |   300 ||   924
Dodge: Dodged            |    35 |    30 |    34 |   111 |   238 |   407 |   288 |   211 |    80 ||  1434
Block: Buckler           |    22 |    22 |       |       |       |       |       |       |       ||    44
       Kite shield       |       |    11 |    85 |   246 |   449 |   949 |   873 |   592 |   253 ||  3458
       Reflection        |       |       |       |       |       |    68 |     4 |     2 |     5 ||    79
